 Dungeon Crawl Stone Soup version 0.30-a0-939-gc8157cb160 (webtiles) character file.

Game seed: 13588563063376454854

28 Morbidden the Trooper (level 3, 21/29 HPs)
             Began as a Demonspawn Fighter on Mar 25, 2023.
             Quit the game on level 1 of the Dungeon.
             The game lasted 00:01:00 (555 turns).

Morbidden the Trooper (Demonspawn Fighter)           Turns: 555, Time: 00:01:01

Health: 21/29      AC:  7    Str: 16    XL:     3   Next: 0%
Magic:  3/3        EV:  9    Int: 11    God:
Gold:   39         SH:  0    Dex: 12    Spells: 2/2 levels left

rFire   . . .      SeeInvis +    a - +0 war axe
rCold   . . .      Faith    .    (no shield)
rNeg    . . .      Spirit   .    b - +0 scale mail
rPois   .          Reflect  .    (no helmet)
rElec   .          Rampage  .    (no cloak)
rCorr   .                        (no gloves)
Will    .....                    (no boots) Stlth
                                 (no amulet)
HPRegen 0.24/turn                j - ring of see invisible
MPRegen 0.08/turn                (no ring)

@: no status effects
A: rugged brown scales 1, demonic touch 1
a: no special abilities


You were on level 1 of the Dungeon.
You visited 1 branch of the dungeon, and saw 1 of its levels.

You collected 39 gold pieces.

Inventory:

Hand Weapons
 a - a +0 war axe (weapon)
Armour
 b - a +0 scale mail (worn)
 c - a +0 buckler
Jewellery
 j - a ring of see invisible (left hand)
Scrolls
 g - a scroll of fog {unknown}
 h - a scroll of vulnerability {unknown}
 l - a scroll of enchant armour {unknown}
 m - a scroll of identify {unknown}
Potions
 d - 3 potions of might
 e - a potion of curing {unknown}
 f - a potion of degeneration {unknown}
 i - a potion of resistance {unknown}
 k - a potion of haste {unknown}


   Skills:
 * Level 3.2 Fighting
 * Level 0.2(1.3) Axes
 * Level 2.1 Polearms
 * Level 3.0 Armour
 * Level 0.4 Dodging
 * Level 2.8 Shields
 * Level 0.3 Spellcasting


You had 2 spell levels left.
You didn't know any spells.
Your spell library was empty.

Dungeon Overview and Level Annotations

Branches:
Dungeon (1/15)

Altars:


Innate Abilities, Weirdness & Mutations

You are partially covered in rugged brown scales. (AC +1, +3% HP)
Your touch may inflict minor irresistible damage on your foes.


Message History

You kill the kobold!
No target in view!
No target in view!
Things that are here:
a +0 short sword; a kobold corpse
k - a grey potion Key pressed, stopping explore.
No target in view!
l - a scroll labelled LEGAOM ZADYUBRO No target in view!
Unknown command.
Key pressed, stopping explore.
No target in view!
Unknown command.
m - a scroll labelled LANOPT SYAWYMN No target in view!
Key pressed, stopping explore.
No target in view!
Key pressed, stopping explore.
No target in view!
No target in view!
An endoplasm comes into view.
Sorry, you're not good enough to have a special ability.
Unknown command.
Unknown command.
An endoplasm is nearby!
An endoplasm is nearby!
An endoplasm is nearby!
You barely miss the endoplasm. The endoplasm freezes you.
You are frozen.
You hit the endoplasm.
You touch the endoplasm.
You kill the endoplasm!
Your Armour skill increases to level 3!
You have reached level 3!
Your experience leads to an increase in your attributes!
Increase (S)trength, (I)ntelligence, or (D)exterity?
You feel clever. x2; Your demonic ancestry asserts itself...
Rugged brown scales grow over part of your body.
Are you sure you want to abandon this character and quit the game? (Confirm with "yes".)

### #### ##### #.. ..# #...#
#.# #.# ######
###...########.######.##
.....###........).......##.....
####...........................
..............@.#####.#........
####..#.##...##.# #.#†.(.....
#..#.##...# .# #.#....(... #.
##..#.#######.#####.#...##...
#.
#...................#...##.##
#. #.............#####.#...##.#
#. #.#.#.######### #........#
#. #.#.#.# #####.#...##.## #.
#.#...# #.....#...##...


There were no monsters in sight!

Vanquished Creatures
  A dart slug (D:1)
  2 bats (D:1)
  2 endoplasms (D:1)
  A giant cockroach (D:1)
  2 goblins (D:1)
  A hobgoblin (D:1)
  3 jackals (D:1)
  2 kobolds (D:1)
  2 quokkas (D:1)
  2 ball pythons (D:1)
  A frilled lizard (D:1)
  4 rats (D:1)
23 creatures vanquished.

Notes
Turn   | Place    | Note
-------+----------+-------------------------------------------
     0 | D:1      | Morbidden the Demonspawn Fighter began the quest for the
                  | Orb.
     0 | D:1      | Reached XP level 1. HP: 18/18 MP: 1/1
   139 | D:1      | Gained mutation: Your touch may inflict minor irresistible
                  | damage on your foes. [demonic ancestry]
   139 | D:1      | Reached XP level 2. HP: 24/24 MP: 2/2
   555 | D:1      | Gained mutation: You are partially covered in rugged brown
                  | scales. (AC +1, +3% HP) [demonic ancestry]
   555 | D:1      | Reached XP level 3. HP: 21/29 MP: 3/3
   555 | D:1      | Quit the game

Illustrated notes

Levels and vault maps discovered:
D:1:      beargit_arrival_greenhouse, layout_loops_ring, st_stairs_9

Skill      XL: |  1  2 |
---------------+-------+-----
Polearms       | 2 |  2.1
Armour         | 3 |  3.0
Fighting       | |  3.2
Axes           | |  0.2
Dodging        | |  0.4
Shields        | |  2.8
Spellcasting   | |  0.3

Action                     || total
---------------------------++-------
  Melee: Trident           ||    35
         War axe           ||    31
         Touch             ||     5
 Armour: Scale mail        ||    33
  Dodge: Dodged            ||    34
  Block: Buckler           ||     5

Table legend: (Time is in decaauts)
 A = Elapsed time spent in this place.
 B = Non-inter-level travel time spent in this place.
 C = Inter-level travel time spent in this place.
 D = Time resting spent in this place.
 E = Time spent auto-exploring this place.
 F = Levels seen in this place.
 G = Mean time per level.
                   A        B        C        D        E       F      G
               +--------+--------+--------+--------+--------+-----+--------+
         Total |    576 |    576 |      0 |      0 |    428 |   1 |  576.0 |
       Dungeon |    576 |    576 |      0 |      0 |    428 |   1 |  576.0 |
               +--------+--------+--------+--------+--------+-----+--------+

Top non-repeatable levels by time:
     D:1: 576 daAuts
